cohdb
Replays
Latest Replays
All Replays
Popular Replays
Top Player Replays
Match Explorer
How It Works
Community
CoH3 Stats
Reddit
Sign in to upload your games and track your stats! →
Sign in with Steam
Match 43371510
Unlisted
Match 43371510
Overview
Messages
Build Orders
End
Construct Weapon Support Center
Selects Armored Battlegroup
Selects Assault Engineers
Assault Engineer Squad
M1919 Machine Gun Team
Sniper
Mechanized Support Center
M1919 Machine Gun Team
Assault Engineer Squad
Assault Engineer Squad
Construct Motor Pool
M3 Armored Personnel Carrier
Space_Asshole
Niva 4x4
CopperNinja
Jopjahh
Manfred Von Blubberhofen
Skullclown
0
0
Comments
sign in to comment!
No comments posted yet!